Map: Eternal Empire LE

Players

LiquidClem (Clem)

  • Race: Terran Terran
  • League: Master
  • Spawn Location: 7:00

Reynor - Winner!

  • Race: Zerg Zerg
  • Spawn Location: 1:00

Event: DreamHack SC2 Masters 2020 Summer Europe

VOD

Have the link to the VOD?

Description

Time

  • Played on: July 12, 2020, 12:52 p.m.
  • Length: 16:41

All games in this series

Show
View Real Time Build Order
Export as new Build Order

LiquidClem Terran 

Build Orders: Reaper Expand 

Get SALT Encoding   

  12  0:00  SCV  
  13  0:12  SCV  
  14  0:17  Supply Depot  
  14  0:24  SCV  
  15  0:39  SCV  
  15  0:41  Barracks  
  16  0:44  Refinery  
  16  0:51  SCV  
  17  1:03  SCV  
  18  1:15  SCV  
  19  1:28  Reaper, Orbital Command  
  20  1:39  Command Center  
  20  1:49  Supply Depot  
  20  1:54  SCV  
  21  1:59  Marine  
  22  2:06  SCV  
  23  2:13  Factory  
  23  2:18  SCV  
  23  2:21  Barracks Reactor  
  24  2:30  SCV  
  24  2:36  Command Center  
  25  2:42  SCV  
  27  2:52  Orbital Command  
  27  2:55  SCV  
  27  2:57  Barracks  
  28  3:03  Hellion  
  29  3:06  Hellion  
  29  3:10  SCV  
  32  3:13  Refinery  
  32  3:16  Barracks Tech Lab  
  32  3:19  SCV  
  33  3:22  SCV  
  33  3:26  Hellion  
  36  3:29  Hellion  
  36  3:32  SCV  
  40  3:34  SCV  
  40  3:36  Stimpack  
  40  3:38  Marine  
  41  3:47  SCV x2, Orbital Command  
  43  3:54  Marine x2  
  45  3:58  Marine  
  45  3:59  SCV  
  45  4:02  Factory Reactor, Starport  
  47  4:03  SCV  
  48  4:11  SCV  
  48  4:13  Marine x2  
  48  4:14  Supply Depot  
  48  4:15  SCV  
  48  4:16  Marine  
  53  4:17  SCV  
  53  4:23  SCV  
  55  4:27  SCV  
  55  4:29  SCV  
  55  4:30  Marine  
  58  4:31  Marine  
  58  4:35  SCV  
  58  4:37  Supply Depot, Marine  
  61  4:39  Supply Depot  
  61  4:41  SCV  
  61  4:45  Factory Reactor  
  63  4:46  Medivac x2, Refinery  
  63  4:48  Marine  
  63  4:49  Orbital Command, Marine  
  63  4:52  Engineering Bay  
  68  4:53  SCV, Engineering Bay  
  68  4:58  Refinery, Marine  
  68  4:59  SCV  
  71  5:01  Barracks  
  71  5:05  SCV  
  72  5:07  Marine  
  72  5:09  Marine  
  72  5:11  SCV  
  75  5:15  SCV, Supply Depot  
  75  5:16  Marine  
  75  5:17  SCV  
  78  5:21  Terran Infantry Weapons Level 1, Terran Infantry Armor Level 1  
  78  5:23  SCV  
  78  5:25  Marine  
  78  5:27  SCV  
  81  5:29  SCV  
  81  5:31  Hellion  
  81  5:33  Supply Depot  
  81  5:35  SCV  
  85  5:37  Hellion, Marine  
  85  5:38  Marine, Barracks  
  85  5:40  SCV  
  85  5:41  SCV  
  91  5:43  Marine  
  91  5:47  SCV  
  93  5:51  Marine  
  93  5:52  SCV  
  93  5:55  Hellion, Marine  
  93  5:56  SCV  
  93  5:58  Hellion  
  93  5:59  SCV  
  93  6:03  Marine  
  94  6:04  Marine  
  94  6:05  SCV  
  94  6:08  SCV  
  95  6:13  Marine  
  95  6:16  Hellion  
  98  6:19  Barracks Reactor, Hellion  
  98  6:21  Marine  
  98  6:23  SCV  
  98  6:24  Supply Depot  
  101  6:26  Barracks Reactor, Barracks  
  101  6:28  SCV  
  101  6:31  Supply Depot  
  102  6:33  Marine  
  102  6:34  Armory, SCV  
  102  6:35  Marine  
  102  6:37  Hellion  
  102  6:38  Marine  
  102  6:39  SCV  
  101  6:41  Hellion  
  101  6:43  Medivac x2  
  107  6:50  SCV x2  
  107  6:51  Marine  
  107  6:52  SCV  
  107  6:54  Supply Depot  
  111  6:55  Marine x2  
  111  6:57  Marine  
  114  7:02  SCV, Marine x3  
  114  7:06  SCV  
  114  7:07  SCV  
  120  7:10  Supply Depot  
  120  7:14  SCV  
  120  7:15  Barracks Reactor, Marine x2  
  104  7:17  Marine x2  
  104  7:18  SCV  
  104  7:20  SCV, Marine x3  
  109  7:25  Combat Shield  
  109  7:27  Terran Infantry Armor Level 2  
  109  7:32  Marine  
  109  7:33  Marine  
  109  7:34  Marine  
  109  7:35  SCV  
  108  7:37  Hellion  
  108  7:38  Marine x2  
  108  7:42  Marine  
  108  7:44  Marine  
  90  7:46  SCV x2  
  90  7:49  Factory, Widow Mine  
  90  7:50  Marine  
  95  7:51  SCV, Terran Infantry Weapons Level 2  
  95  7:53  Marine  
  95  7:55  Marine x2  
  95  7:56  Marine  
  99  7:59  Marine x2  
  99  8:00  SCV  
  102  8:08  Command Center  
  102  8:10  Marine x2  
  102  8:11  Marine x2  
  106  8:12  Marine  
  106  8:13  SCV x2  
  106  8:14  Marine  
  106  8:15  Marine  
  106  8:17  Marine  
  106  8:18  SCV  
  113  8:20  Marine  
  113  8:25  SCV, Widow Mine  
  117  8:28  Marine x2  
  117  8:29  Marine x2  
  117  8:30  Refinery  
  117  8:32  Command Center, Marine  
  122  8:38  SCV x3, Supply Depot  
  122  8:39  Supply Depot  
  125  8:41  Factory Tech Lab  
  125  8:44  Widow Mine, Marine x3  
  125  8:45  Marine  
  125  8:46  Marine  
  125  8:47  Terran Vehicle And Ship Armor Level 1  
  132  8:48  Marine  
  132  8:49  Supply Depot  
  132  8:52  Marine x2, Widow Mine  
  132  8:53  Marine  
  138  8:56  Medivac  
  138  8:59  Medivac  
  138  9:02  Marine  
  132  9:06  Marine x4  
  132  9:07  Widow Mine x2  
  132  9:08  Drilling Claws  
  130  9:17  Barracks  
  130  9:18  Marine x3, Barracks  
  130  9:19  Marine  
  130  9:20  Barracks  
  130  9:21  Marine  
  137  9:24  Widow Mine  
  137  9:26  Medivac  
  137  9:33  Medivac, Widow Mine, Marine x2  
  137  9:38  Marauder, Marine x2  
  140  9:41  Widow Mine  
  140  9:42  Marine x2  
  140  9:43  Marine x2  
  148  9:46  Terran Infantry Armor Level 3  
  148  9:50  SCV  
  149  9:55  Marine  
  149  9:56  Medivac  
  154  10:00  Marauder  
  154  10:01  SCV  
  154  10:05  Siege Tank  
  154  10:06  Medivac  
  160  10:07  Marine x2  
  160  10:08  SCV  
  160  10:13  Barracks Tech Lab  
  153  10:14  Marine x3  
  153  10:18  Widow Mine, Marine  
  153  10:20  Marine  
  152  10:21  SCV, Marauder  
  152  10:22  Marine  
  152  10:25  Medivac  
  152  10:26  Planetary Fortress, Marine  
  155  10:29  Marine  
  155  10:32  Marine  
  157  10:36  Barracks Tech Lab x2  
  157  10:39  Marine x2, Widow Mine  
  163  10:43  Marauder  
  163  10:45  Marauder, Marine  
  163  10:47  SCV x2  
  163  10:48  SCV  
  169  10:53  Terran Infantry Weapons Level 3  
  169  10:59  SCV  
  169  11:00  Marine  
  170  11:04  Marauder, Widow Mine  
  170  11:06  Marauder x2, Marine  
  170  11:07  Marine  
  170  11:09  Marauder  
  177  11:12  Widow Mine  
  177  11:13  Marine  
  177  11:15  Supply Depot  
  177  11:16  Supply Depot  
  177  11:18  Supply Depot  
  180  11:26  Command Center  
  180  11:30  Supply Depot  
  180  11:33  Terran Vehicle And Ship Armor Level 2  
  180  11:37  Marauder x4, Marine  
  180  11:38  Widow Mine  
  191  11:44  Unknown  
  191  11:45  Sensor Tower  
  185  11:54  Widow Mine  
  185  11:57  Marine  
  185  11:59  Marauder x4  
  191  12:12  Liberator  
  191  12:14  Liberator  
  197  12:15  Starport x2  
  197  12:16  Fusion Core  
  197  12:19  Widow Mine  
  197  12:20  Marauder  
  197  12:21  Marauder  
  195  12:23  Widow Mine  
  195  12:27  Marauder, Marine  
  195  12:29  Marauder, Marine x2  
  184  12:32  Widow Mine  
  181  12:40  Widow Mine  
  181  12:41  Marauder, Marine x3  
  181  12:42  Marine x2  
  181  12:43  Marauder  
  188  12:45  Widow Mine  
  188  12:48  Marauder  
  188  12:51  Marauder  
  189  12:53  Widow Mine  
  189  12:54  Liberator  
  189  12:57  Medivac  
  196  13:01  Starport Reactor x2  
  196  13:03  Advanced Ballistics, Marauder  
  196  13:04  Marauder  
  199  13:10  Marauder  
  199  13:16  Widow Mine  
  199  13:18  Marauder  
  197  13:24  Marauder  
  196  13:27  Medivac  
  196  13:32  Marauder  
  196  13:33  Marauder  
  195  13:37  Ghost Academy, Liberator  
  195  13:39  Medivac x2, Marauder  
  194  13:46  Marauder, Widow Mine  
  194  13:47  Concussive Shells  
  194  13:48  Marine x2  
  188  13:53  Command Center, Marauder  
  188  13:54  Missile Turret  
  188  13:55  Planetary Fortress, Marauder  
  192  13:57  Liberator  
  192  14:01  Widow Mine  
  192  14:11  Marauder x2  
  192  14:14  Marine  
  192  14:15  Marauder  
  192  14:16  Marauder  
  199  14:20  Liberator  
  198  14:32  Marauder  
  198  14:33  Command Center  
  198  14:34  Command Center  
  198  14:35  Enhanced Shockwaves, Command Center  
  200  14:41  Widow Mine  
  194  14:48  Cyclone  
  196  14:54  Widow Mine  
  196  14:56  Marauder  
  196  14:58  Marauder x2  
  192  15:00  Marauder, Marine  
  192  15:03  Widow Mine  
  192  15:04  Marine x4  
  192  15:05  Marine  
  182  15:12  Marine  
  182  15:13  Marine  
  180  15:15  Widow Mine  
  180  15:16  Missile Turret  
  180  15:18  Marauder  
  180  15:20  Marauder x2, Marine  
  179  15:21  Marauder, Marine  
  179  15:26  Widow Mine  
  173  15:30  Marine  
  173  15:33  Orbital Command, Marine  
  173  15:34  Marine x2  
  158  15:35  Marine x2  
  158  15:36  Orbital Command  
  158  15:38  Marine  
  158  15:39  Marauder, Marine  
  158  15:41  Marauder x2  
  151  15:42  Marauder  
  151  15:44  Medivac  
  151  15:48  Marine  
  154  15:51  Marine x2  
  152  15:59  Orbital Command  
  152  16:01  Marauder  
  152  16:02  Marauder x2, Marine  
  155  16:04  Marauder  
  151  16:18  Widow Mine  
  137  16:19  Marine  
  137  16:20  Marine  
Show
View Real Time Build Order
Export as new Build Order

Reynor Zerg - Winner!

Build Orders: Hatch First, Lurkers 

Get SALT Encoding   

  12  0:01  Drone  
  13  0:12  Overlord  
  13  0:17  Drone  
  14  0:30  Drone  
  14  0:31  Drone  
  16  0:48  Hatchery  
  15  0:52  Drone  
  15  0:55  Drone  
  17  0:58  Drone  
  18  1:09  Extractor  
  17  1:14  Spawning Pool  
  17  1:17  Drone  
  17  1:20  Drone  
  18  1:28  Drone  
  19  1:40  Drone  
  20  1:56  Hatchery  
  20  2:00  Queen  
  21  2:01  Zergling x2  
  21  2:02  Zergling x2  
  23  2:11  Queen  
  23  2:15  Drone  
  26  2:20  Overlord  
  26  2:23  Drone  
  26  2:26  Drone  
  28  2:30  Extractor  
  28  2:32  Drone  
  29  2:37  Extractor  
  29  2:38  Overlord  
  29  2:40  Drone  
  30  2:47  Queen  
  30  2:49  Drone  
  32  2:52  Drone  
  32  2:54  Drone  
  32  2:56  Drone  
  35  3:00  Metabolic Boost  
  35  3:04  Drone  
  35  3:05  Drone  
  37  3:11  Queen  
  39  3:14  Drone  
  39  3:18  Drone x2  
  42  3:20  Zergling x2  
  42  3:25  Queen  
  45  3:27  Drone  
  45  3:31  Overlord  
  45  3:33  Drone  
  47  3:34  Zergling x2  
  47  3:36  Drone  
  47  3:38  Drone  
  50  3:42  Overlord  
  50  3:49  Drone  
  50  3:50  Drone x2  
  50  3:52  Queen  
  50  3:54  Drone  
  56  3:56  Drone x2  
  56  3:59  Overlord  
  58  4:03  Zergling x4  
  58  4:05  Drone x2  
  58  4:07  Drone  
  58  4:09  Drone  
  64  4:13  Zergling x4  
  66  4:20  Overlord  
  66  4:21  Drone x3  
  66  4:22  Drone  
  70  4:24  Lair  
  70  4:26  Baneling Nest  
  70  4:28  Drone  
  70  4:29  Drone  
  70  4:30  Drone  
  71  4:32  Drone  
  71  4:34  Overlord  
  71  4:35  Extractor  
  71  4:36  Drone  
  71  4:37  Drone  
  73  4:39  Drone  
  73  4:40  Drone  
  73  4:41  Zergling x2  
  73  4:44  Overlord  
  76  4:46  Zergling x4  
  76  4:48  Drone x2  
  76  4:49  Drone  
  81  4:53  Extractor  
  81  4:58  Drone x2  
  81  4:59  Drone  
  83  5:06  Zergling x8  
  87  5:07  Evolution Chamber  
  87  5:10  Overlord  
  87  5:11  Hatchery  
  87  5:12  Zergling x6  
  88  5:15  Zergling x6  
  88  5:18  Zergling x2  
  88  5:19  Evolution Chamber  
  88  5:21  Centrifical Hooks  
  91  5:24  Zergling x6  
  91  5:28  Baneling x2  
  94  5:29  Baneling x3  
  94  5:31  Queen  
  94  5:35  Zergling x4, Baneling x2  
  97  5:36  Zergling x4  
  97  5:40  Overlord  
  100  5:43  Zergling x8  
  102  5:52  Drone x4  
  102  5:53  Overlord  
  102  5:54  Zerg Ground Armor Level 1  
  106  5:57  Overlord  
  106  6:01  Zergling x2  
  106  6:02  Zergling x8  
  106  6:04  Baneling x3  
  105  6:05  Zergling x2  
  105  6:08  Zergling x6  
  105  6:09  Queen  
  107  6:13  Zergling x2  
  107  6:15  Overlord  
  108  6:21  Zergling x4  
  108  6:22  Queen  
  108  6:24  Zergling x6  
  115  6:34  Zergling x4  
  115  6:35  Zergling x4  
  116  6:40  Unknown, Baneling x8  
  116  6:42  Drone  
  116  6:43  Drone x8  
  123  6:48  Zergling x4  
  123  6:50  Baneling x8  
  123  6:51  Overlord  
  123  6:53  Zergling x8  
  129  6:57  Drone  
  129  6:59  Drone  
  131  7:03  Zergling x4, Unknown  
  129  7:09  Overlord  
  129  7:12  Zergling x10  
  129  7:15  Zergling x8  
  133  7:18  Baneling  
  133  7:19  Baneling x3  
  133  7:22  Drone x2  
  135  7:26  Drone x4  
  135  7:29  Extractor  
  135  7:30  Zergling x2, Extractor  
  135  7:31  Zergling x2  
  135  7:33  Hatchery  
  135  7:35  Zergling x8  
  135  7:36  Zergling x4  
  124  7:41  Zergling x2  
  124  7:43  Zergling x6  
  113  7:49  Zerg Melee Weapons Level 1, Zerg Ground Armor Level 2  
  113  7:50  Drone x6  
  116  7:52  Drone x3  
  116  7:53  Extractor  
  116  7:55  Drone  
  116  7:58  Drone x4  
  123  7:59  Drone x2  
  123  8:03  Hydralisk Den  
  124  8:06  Zergling x2  
  124  8:07  Baneling  
  124  8:08  Baneling x7  
  124  8:09  Zergling x2  
  124  8:10  Baneling x2  
  124  8:11  Queen x2  
  128  8:13  Zergling x4  
  128  8:14  Baneling x2  
  128  8:17  Drone  
  128  8:18  Drone  
  128  8:19  Overlord  
  132  8:20  Drone x3  
  132  8:23  Zergling x2  
  132  8:26  Drone  
  136  8:28  Zergling x6  
  136  8:33  Drone x3  
  141  8:34  Drone x3  
  141  8:36  Lurker Den  
  141  8:38  Overseer, Baneling x3  
  143  8:41  Drone x2  
  143  8:44  Spore Crawler, Evolution Chamber, Drone  
  143  8:46  Drone  
  143  8:47  Baneling  
  143  8:48  Spore Crawler x2, Baneling x3  
  144  8:53  Infestation Pit, Hydralisk x3  
  144  8:55  Hydralisk x2  
  148  9:00  Zergling x8  
  148  9:02  Extractor  
  148  9:05  Zergling x8  
  148  9:06  Zergling x2  
  146  9:11  Baneling x5  
  146  9:12  Zergling x10  
  146  9:13  Zergling x2  
  152  9:18  Zergling x4  
  152  9:19  Zergling x2, Hydralisk  
  152  9:22  Drone x3  
  152  9:23  Spine Crawler, Spore Crawler, Extractor  
  157  9:24  Zergling x6  
  157  9:26  Zergling x2  
  157  9:27  Baneling x4  
  158  9:33  Zergling x8  
  158  9:35  Hydralisk  
  157  9:38  Zergling x2  
  157  9:40  Baneling  
  157  9:41  Zergling x4, Baneling x4  
  157  9:42  Zergling x2  
  157  9:43  Lurker  
  157  9:44  Lurker x3  
  157  9:45  Lurker  
  166  9:46  Zerg Missile Weapons Level 1, Zerg Melee Weapons Level 2  
  166  9:54  Overlord x5  
  166  10:00  Hive  
  166  10:05  Overlord  
  165  10:10  Zergling x6  
  165  10:13  Hydralisk  
  165  10:14  Zergling x12  
  171  10:17  Hydralisk  
  171  10:18  Zergling x20  
  163  10:22  Hatchery  
  163  10:23  Lurker x2  
  163  10:25  Zergling x4  
  165  10:28  Hydralisk x2  
  165  10:29  Zergling x2  
  165  10:32  Zergling x2  
  165  10:34  Queen  
  173  10:37  Zergling x4  
  173  10:40  Pneumatized Carapace  
  172  10:49  Hydralisk x3  
  175  10:50  Zergling x8  
  175  10:55  Overlord  
  178  11:02  Zergling x16  
  178  11:03  Zergling x4  
  176  11:11  Hydralisk x2  
  176  11:12  Hydralisk x4  
  176  11:16  Viper x2, Adaptive Talons, Queen  
  176  11:17  Viper  
  193  11:19  Zergling x6  
  193  11:20  Zergling x4, Overseer  
  198  11:25  Zergling x2  
  198  11:26  Zergling x2, Overlord  
  198  11:29  Adrenal Glands  
  198  11:31  Zerg Ground Armor Level 3  
  197  11:34  Extractor  
  197  11:37  Lurker x3  
  199  11:43  Spore Crawler x2  
  199  11:44  Spore Crawler, Lurker x3  
  197  11:50  Zergling x2  
  197  11:51  Zergling x8  
  198  11:58  Zergling x2  
  198  11:59  Zergling x4  
  199  12:11  Hatchery  
  199  12:13  Zergling x2  
  199  12:14  Seismic Spines  
  199  12:20  Hydralisk  
  199  12:21  Zergling x14  
  198  12:24  Zergling x2, Hydralisk  
  198  12:25  Zergling x16, Queen  
  198  12:26  Zergling x2  
  198  12:29  Drone x3  
  199  12:39  Hydralisk  
  199  12:40  Zergling x8  
  188  12:45  Zergling x8  
  188  12:48  Lurker x6  
  198  12:54  Overseer x2  
  198  12:56  Zergling x4  
  199  13:10  Zergling x6  
  199  13:11  Zergling x10  
  199  13:13  Hatchery x2  
  199  13:14  Zergling x4  
  199  13:15  Zerg Missile Weapons Level 2  
  175  13:21  Zergling x8  
  175  13:24  Hydralisk  
  175  13:25  Zergling x4  
  182  13:31  Hydralisk  
  182  13:32  Zergling x6  
  182  13:33  Zergling x6  
  180  13:34  Queen  
  180  13:38  Grooved Spines  
  180  13:41  Hydralisk  
  180  13:44  Zergling x2, Hydralisk x2  
  180  13:45  Zergling x2  
  175  13:53  Viper x2  
  181  13:55  Zergling x6  
  181  13:57  Hydralisk x2  
  181  13:58  Zergling x6  
  181  14:02  Hydralisk  
  190  14:04  Lurker  
  190  14:05  Lurker x2  
  190  14:06  Hydralisk  
  190  14:07  Zergling x6  
  190  14:09  Zergling x2  
  199  14:15  Zergling x2  
  198  14:42  Zergling x10, Spine Crawler, Spore Crawler  
  198  14:43  Zergling x2  
  197  14:48  Drone x6  
  197  14:50  Hydralisk x2  
  197  14:51  Zergling x6  
  199  14:53  Zergling x2  
  199  14:58  Muscular Augments, Hydralisk  
  199  14:59  Zergling x4  
  199  15:04  Hydralisk x5  
  199  15:05  Zergling x6  
  199  15:06  Hydralisk  
  199  15:07  Hydralisk  
  190  15:12  Queen, Drone x3  
  189  15:14  Hydralisk x2  
  189  15:15  Zergling x4  
  189  15:17  Lurker x3  
  189  15:18  Zergling x2, Lurker  
  193  15:21  Hydralisk  
  193  15:22  Zergling x4  
  193  15:24  Zergling x2  
  193  15:26  Lurker  
  193  15:27  Hydralisk  
  193  15:28  Zergling x4  
  195  15:30  Hydralisk  
  195  15:31  Zergling x2  
  195  15:33  Hydralisk x2  
  195  15:34  Hydralisk  
  194  15:38  Zergling x2  
  194  15:42  Zergling x6, Extractor  
  192  15:43  Extractor, Lurker x4  
  192  15:44  Lurker x4  
  192  15:49  Zergling x6  
  199  15:55  Zergling x6  
  199  15:56  Zergling x6  
  199  16:02  Extractor, Spire  
  197  16:07  Hatchery, Zergling x6  
  199  16:12  Overlord  
  170  16:19  Zergling x22  
  170  16:23  Zergling x2  
Tags
 
Add a new tag
Caveats
  • Supply blocks, unpowered buildings, or Contaminate may cause inaccurate times.
  • Supply counts are checked every 10 seconds.